| TOP OF THE 1ST |
|
Wichita Aeros batting - Pitching for Tulsa Drillers : RHP Luis Garcia
|
|
Pitching: RHP Luis Garcia
|
|
|
Batting: SHB Gary Pettis
|
0-0: Ball 1-0: Ball 2-0: Ball 3-0: Called Strike 3-1: Swinging Strike 3-2: Foul Ball, location: 2F 3-2: Fly out, F7 (Flyball, 7LS, EV 94.4 MPH)
|
|
Batting: LHB Jesus Ramos
|
0-0: Foul Ball, location: 2F 0-1: Ball 1-1: Foul Ball, location: 2F 1-2: Strikes out swinging
|
|
Batting: RHB Dave Hoenstine
|
0-0: Foul Ball, location: 2F 0-1: Ground out 6-3 (Groundball, 56, EV 85.6 MPH)
|
| Top of the 1st over - 0 runs, 0 hits, 0 errors, 0 left on base; Wichita 0 - Tulsa 0 |
| BOTTOM OF THE 1ST |
|
Tulsa Drillers batting - Pitching for Wichita Aeros : RHP Greg A Harris
|
|
Pitching: RHP Greg A Harris
|
|
|
Batting: SHB Paul Householder
|
0-0: Ball 1-0: Ball 2-0: SINGLE (Groundball, 34D, EV 108.1 MPH)
|
|
Batting: RHB Victor Rios
|
0-0: Ball 1-0: Ball 2-0: Ball 3-0: Called Strike 3-1: Fielders Choice at 2nd, 6-4 (Groundball, 6, EV 84.4 MPH)
|
|
Batting: LHB Jim Adduci
|
0-0: Called Strike 0-1: Ball 1-1: Ball 2-1: Foul Ball, location: 2F 2-2: Foul Ball, location: 2F 2-2: Foul Ball, location: 2F 2-2: Strikes out swinging
|
|
Batting: LHB Mike Pagliarulo
|
0-0: Called Strike 0-1: Called Strike Victor Rios steals 2nd base 0-2: SINGLE (Flyball, 78S, EV 96.9 MPH) Victor Rios to third Runner from 3rd tries for Home, throw by LF and OUT! 7-2
|
| Bottom of the 1st over - 0 runs, 2 hits, 0 errors, 1 left on base; Wichita 0 - Tulsa 0 |
| TOP OF THE 2ND |
|
Wichita Aeros batting - Pitching for Tulsa Drillers : RHP Luis Garcia
|
|
Batting: LHB Angel Matos
|
0-0: Ball 1-0: Foul Ball, location: 2F 1-1: Ball 2-1: Fly out, F7 (Flyball, 7D, EV 101.3 MPH)
|
|
Batting: LHB James Pellack
|
0-0: Called Strike 0-1: Ball 1-1: Ground out 4-3 (Groundball, 4, EV 108.1 MPH)
|
|
Batting: RHB Gary House
|
0-0: Ball 1-0: Foul Ball, location: 2F 1-1: Ball 2-1: Ball 3-1: Base on Balls
|
|
Batting: RHB Dave Stenhouse
|
0-0: Ball 1-0: Fly out, F8 (Line Drive, 8LD, EV 111.3 MPH)
|
| Top of the 2nd over - 0 runs, 0 hits, 0 errors, 1 left on base; Wichita 0 - Tulsa 0 |
| BOTTOM OF THE 2ND |
|
Tulsa Drillers batting - Pitching for Wichita Aeros : RHP Greg A Harris
|
|
Batting: LHB Randy Braun
|
0-0: Called Strike 0-1: Ball 1-1: Called Strike 1-2: SINGLE (Groundball, 34D, EV 105.6 MPH) (infield hit)
|
|
Batting: SHB Luis Quinones
|
0-0: Called Strike 0-1: Swinging Strike 0-2: Foul Ball, location: 2F 0-2: Ball 1-2: Strikes out swinging
|
|
Batting: RHB Bob E Johnson
|
0-0: Ball 1-0: 2-RUN HOME RUN (Flyball, 78XD, EV 101.9 MPH), Distance : 419 ft
|
|
Batting: RHB Don Ruzek
|
0-0: Called Strike 0-1: Ball 1-1: Ball 2-1: Called Strike 2-2: Strikes out swinging
|
|
Batting: RHB Nick Belmonte
|
0-0: Ball 1-0: Called Strike 1-1: Called Strike 1-2: Foul Ball, location: 2F 1-2: Ball 2-2: Foul Ball, location: 2F 2-2: SINGLE (Groundball, 34S, EV 69.4 MPH) (infield hit)
|
|
Batting: SHB Paul Householder
|
0-0: Ball 1-0: Ball 2-0: Called Strike 2-1: Foul Ball, location: 2F 2-2: Ball 3-2: Fly out, F9 (Flyball, 89D, EV 96.3 MPH)
|
| Bottom of the 2nd over - 2 runs, 3 hits, 0 errors, 1 left on base; Wichita 0 - Tulsa 2 |
| TOP OF THE 3RD |
|
Wichita Aeros batting - Pitching for Tulsa Drillers : RHP Luis Garcia
|
|
Batting: RHB Julio Collazo
|
0-0: Ball 1-0: Ball 2-0: Ball 3-0: Called Strike 3-1: Called Strike 3-2: Fly out, F9 (Flyball, 9, EV 91.3 MPH)
|
|
Batting: RHB Victor Mabee
|
0-0: Ball 1-0: Ball 2-0: Ball 3-0: Called Strike 3-1: Swinging Strike 3-2: Foul Ball, location: 2F 3-2: Strikes out swinging
|
|
Batting: SHB Gary Pettis
|
0-0: Called Strike 0-1: Ground out 4-3 (Groundball, 4, EV 78.1 MPH)
|
| Top of the 3rd over - 0 runs, 0 hits, 0 errors, 0 left on base; Wichita 0 - Tulsa 2 |
| BOTTOM OF THE 3RD |
|
Tulsa Drillers batting - Pitching for Wichita Aeros : RHP Greg A Harris
|
|
Batting: RHB Victor Rios
|
0-0: Foul Ball, location: 2F 0-1: Swinging Strike 0-2: Ball 1-2: Foul Ball, location: 2F 1-2: Strikes out looking
|
|
Batting: LHB Jim Adduci
|
0-0: Fly out, F4 (Popup, 34, EV 60.0 MPH)
|
|
Batting: LHB Mike Pagliarulo
|
0-0: Ball 1-0: Ball 2-0: Called Strike 2-1: Swinging Strike 2-2: Ball 3-2: Fly out, F8 (Flyball, 8LXD, EV 93.8 MPH)
|
| Bottom of the 3rd over - 0 runs, 0 hits, 0 errors, 0 left on base; Wichita 0 - Tulsa 2 |
| TOP OF THE 4TH |
|
Wichita Aeros batting - Pitching for Tulsa Drillers : RHP Luis Garcia
|
|
Batting: LHB Jesus Ramos
|
0-0: SINGLE (Line Drive, 9S, EV 112.5 MPH)
|
|
Batting: RHB Dave Hoenstine
|
0-0: Swinging Strike 0-1: Ball Jesus Ramos is caught stealing 2nd base 2-4 1-1: Ground out 4-3 (Groundball, 4S, EV 80.0 MPH)
|
|
Batting: LHB Angel Matos
|
0-0: Called Strike 0-1: Ball 1-1: Ball 2-1: Swinging Strike 2-2: Foul Ball, location: 2F 2-2: Ball 3-2: Fly out, F7 (Flyball, 7D, EV 108.1 MPH)
|
| Top of the 4th over - 0 runs, 1 hit, 0 errors, 0 left on base; Wichita 0 - Tulsa 2 |
| BOTTOM OF THE 4TH |
|
Tulsa Drillers batting - Pitching for Wichita Aeros : RHP Greg A Harris
|
|
Batting: LHB Randy Braun
|
0-0: Ground out 4-3 (Groundball, 13, EV 81.9 MPH)
|
|
Batting: SHB Luis Quinones
|
0-0: Ground out 4-3 (Groundball, 4, EV 88.8 MPH)
|
|
Batting: RHB Bob E Johnson
|
0-0: Ball 1-0: Ball 2-0: Foul Ball, location: 2F 2-1: Ball 3-1: Foul Ball, location: 2F 3-2: Foul Ball, location: 2F 3-2: SINGLE (Line Drive, 4D, EV 98.1 MPH)
|
|
Batting: RHB Don Ruzek
|
0-0: Ball 1-0: Ball Bob E Johnson steals 2nd base 2-0: Ball 3-0: Called Strike 3-1: Foul Ball, location: 2F 3-2: Ground out 6-3 (Groundball, 6, EV 90.0 MPH)
|
| Bottom of the 4th over - 0 runs, 1 hit, 0 errors, 1 left on base; Wichita 0 - Tulsa 2 |
| TOP OF THE 5TH |
|
Wichita Aeros batting - Pitching for Tulsa Drillers : RHP Luis Garcia
|
|
Batting: LHB James Pellack
|
0-0: Ball 1-0: Foul Ball, location: 2F 1-1: Foul Ball, location: 2F 1-2: Foul Ball, location: 2F 1-2: Ball 2-2: Strikes out swinging
|
|
Batting: RHB Gary House
|
0-0: Ball 1-0: Called Strike 1-1: Ball 2-1: Ball 3-1: Base on Balls
|
|
Batting: RHB Dave Stenhouse
|
0-0: Grounds into double play, 6-4-3 (Groundball, 6S, EV 90.0 MPH)
|
| Top of the 5th over - 0 runs, 0 hits, 0 errors, 0 left on base; Wichita 0 - Tulsa 2 |
| BOTTOM OF THE 5TH |
|
Tulsa Drillers batting - Pitching for Wichita Aeros : RHP Greg A Harris
|
|
Batting: RHB Nick Belmonte
|
0-0: Ball 1-0: Ball 2-0: SINGLE (Groundball, 4D, EV 100.6 MPH)
|
|
Batting: SHB Paul Householder
|
0-0: Called Strike Nick Belmonte steals 2nd base 0-1: Swinging Strike 0-2: Ball 1-2: Ball 2-2: Reached on error, E1 (Groundball, 34S, EV 64.4 MPH) Nick Belmonte scores
|
|
Batting: RHB Victor Rios
|
0-0: Bunted foul 0-1: Ball Paul Householder steals 3rd base 1-1: Foul Ball, location: 2F 1-2: Ball 2-2: Ball 3-2: Base on Balls
|
|
Batting: LHB Jim Adduci
|
0-0: Called Strike 0-1: Called Strike 0-2: Ball 1-2: Strikes out swinging
|
|
Batting: LHB Mike Pagliarulo
|
0-0: Called Strike Victor Rios is caught stealing 2nd base 2-6 0-1: Fly out, F6 (Line Drive, 6, EV 68.1 MPH)
|
| Bottom of the 5th over - 1 run, 1 hit, 1 error, 1 left on base; Wichita 0 - Tulsa 3 |
| TOP OF THE 6TH |
|
Wichita Aeros batting - Pitching for Tulsa Drillers : RHP Luis Garcia
|
|
Batting: RHB Julio Collazo
|
0-0: Foul Ball, location: 2F 0-1: Ball 1-1: Ball 2-1: Foul Ball, location: 2F 2-2: Strikes out swinging, 2-3 out at first.
|
|
Batting: RHB Victor Mabee
|
0-0: Ball 1-0: Swinging Strike 1-1: Ball 2-1: Ball 3-1: Base on Balls
|
|
Batting: SHB Gary Pettis
|
0-0: Called Strike Victor Mabee is caught stealing 2nd base 2-6 0-1: Ball 1-1: Ball 2-1: Called Strike 2-2: Strikes out swinging
|
| Top of the 6th over - 0 runs, 0 hits, 0 errors, 0 left on base; Wichita 0 - Tulsa 3 |
| BOTTOM OF THE 6TH |
|
Tulsa Drillers batting - Pitching for Wichita Aeros : RHP Greg A Harris
|
|
Batting: LHB Randy Braun
|
0-0: Called Strike 0-1: Ball 1-1: Called Strike 1-2: Foul Ball, location: 2F 1-2: SINGLE (Flyball, 34D, EV 93.1 MPH)
|
|
Batting: SHB Luis Quinones
|
0-0: Swinging Strike 0-1: Ball 1-1: Ball 2-1: Foul Ball, location: 2F 2-2: Ball 3-2: Grounds out, U3 (Groundball, 3L, EV 95.0 MPH)
|
|
Batting: RHB Bob E Johnson
|
0-0: Ball 1-0: Called Strike 1-1: Swinging Strike 1-2: Fly out, F7 (Flyball, 7D, EV 96.3 MPH)
|
|
Batting: RHB Don Ruzek
|
0-0: Intentional Walk
|
|
Batting: RHB Nick Belmonte
|
0-0: Called Strike 0-1: Ball 1-1: Foul Ball, location: 2F 1-2: Ball 2-2: Strikes out swinging
|
| Bottom of the 6th over - 0 runs, 1 hit, 0 errors, 2 left on base; Wichita 0 - Tulsa 3 |
| TOP OF THE 7TH |
|
Wichita Aeros batting - Pitching for Tulsa Drillers : RHP Luis Garcia
|
|
Batting: LHB Jesus Ramos
|
0-0: Ball 1-0: Ground out 6-3 (Groundball, 6, EV 81.9 MPH)
|
|
Batting: RHB Dave Hoenstine
|
0-0: Foul Ball, location: 2F 0-1: SINGLE (Flyball, 8LS, EV 91.3 MPH)
|
|
Batting: LHB Angel Matos
|
0-0: Ball 1-0: Called Strike 1-1: Foul Ball, location: 2F 1-2: SINGLE (Flyball, 56D, EV 95.6 MPH) Dave Hoenstine to second
|
|
Batting: LHB James Pellack
|
0-0: Ball 1-0: Foul Ball, location: 2F 1-1: Foul Ball, location: 2F 1-2: Foul Ball, location: 2F 1-2: Ball 2-2: Foul Ball, location: 2F 2-2: Fly out, F9 (Flyball, 89D, EV 100.0 MPH) Runner from 2nd tags up, SAFE at 3rd, no throw by RF
|
|
Batting: RHB Gary House
|
0-0: Called Strike 0-1: Ball 1-1: Ball 2-1: Ball 3-1: Base on Balls Angel Matos to second
|
|
Batting: RHB Dave Stenhouse
|
0-0: Ball 1-0: Ball 2-0: Called Strike 2-1: Fly out, F8 (Flyball, 89D, EV 96.9 MPH)
|
| Top of the 7th over - 0 runs, 2 hits, 0 errors, 3 left on base; Wichita 0 - Tulsa 3 |
| BOTTOM OF THE 7TH |
|
Tulsa Drillers batting - Pitching for Wichita Aeros : RHP Greg A Harris
|
|
Batting: SHB Paul Householder
|
0-0: Called Strike 0-1: Swinging Strike 0-2: Ball 1-2: Ball 2-2: Ball 3-2: Base on Balls
|
|
Batting: RHB Victor Rios
|
0-0: Bunt missed! 0-1: Sac Bunt to 13 - play at first, batter OUT! 1-4 Paul Householder to second
|
|
Batting: LHB Jim Adduci
|
0-0: Swinging Strike 0-1: Ball 1-1: Ball 2-1: Ball 3-1: Fly out, F9 (Flyball, 89D, EV 108.8 MPH) Runner from 2nd tags up, SAFE at 3rd, no throw by RF
|
|
Batting: LHB Mike Pagliarulo
|
0-0: Fly out, F2 (Popup, 25F, EV 85.0 MPH)
|
| Bottom of the 7th over - 0 runs, 0 hits, 0 errors, 1 left on base; Wichita 0 - Tulsa 3 |
| TOP OF THE 8TH |
|
Wichita Aeros batting - Pitching for Tulsa Drillers : RHP Luis Garcia
|
|
Batting: RHB Julio Collazo
|
0-0: Foul Ball, location: 2F 0-1: Reached on error, E4 (Groundball, 4, EV 100.0 MPH)
|
|
Batting: RHB Victor Mabee
|
0-0: Called Strike 0-1: Ball 1-1: Foul Ball, location: 2F 1-2: Foul Ball, location: 2F 1-2: Strikes out swinging
|
|
Batting: SHB Gary Pettis
|
0-0: Foul Ball, location: 2F 0-1: Ball 1-1: Called Strike 1-2: Foul Ball, location: 2F 1-2: Ball 2-2: Foul Ball, location: 2F 2-2: Ball 3-2: Foul Ball, location: 2F 3-2: Foul Ball, location: 2F 3-2: Fielders Choice at 2nd, 4-6 (Groundball, 4, EV 83.1 MPH)
|
|
Batting: LHB Jesus Ramos
|
0-0: Ball 1-0: Foul Ball, location: 2F Pickoff Throw to First - Out! 1-3
|
| Top of the 8th over - 0 runs, 0 hits, 1 error, 0 left on base; Wichita 0 - Tulsa 3 |
| BOTTOM OF THE 8TH |
|
Tulsa Drillers batting - Pitching for Wichita Aeros : RHP Greg A Harris
|
|
Batting: LHB Randy Braun
|
0-0: Ball 1-0: Fly out, F4 (Popup, 34D, EV 44.4 MPH)
|
|
Batting: SHB Luis Quinones
|
0-0: Called Strike 0-1: Ball 1-1: Ball 2-1: Ground out U3 (Groundball, 34S, EV 80.6 MPH)
|
|
Batting: RHB Bob E Johnson
|
0-0: Ball 1-0: Foul Ball, location: 2F 1-1: Fly out, F4 (Popup, 23, EV 90.0 MPH)
|
| Bottom of the 8th over - 0 runs, 0 hits, 0 errors, 0 left on base; Wichita 0 - Tulsa 3 |
| TOP OF THE 9TH |
|
Wichita Aeros batting - Pitching for Tulsa Drillers : RHP Luis Garcia
|
|
Batting: LHB Jesus Ramos
|
0-0: Foul Ball, location: 2F 0-1: Ball 1-1: Ball 2-1: Ball 3-1: Ground out 6-3 (Groundball, 6M, EV 81.3 MPH)
|
|
Batting: RHB Dave Hoenstine
|
0-0: Ball 1-0: Swinging Strike 1-1: Reached on error, E1 (Groundball, P, EV 67.5 MPH)
|
|
Batting: LHB Angel Matos
|
0-0: Ball 1-0: Called Strike 1-1: Ball 2-1: Foul Ball, location: 2F 2-2: Fly out, F8 (Flyball, 8LD, EV 100.0 MPH)
|
|
Batting: LHB James Pellack
|
0-0: Called Strike 0-1: Ball 1-1: Foul Ball, location: 2F 1-2: Fly out, F8 (Line Drive, 8RD, EV 95.6 MPH)
|
| Top of the 9th over - 0 runs, 0 hits, 1 error, 1 left on base; Wichita 0 - Tulsa 3 |
|